[ AOE2 MATCH · #478455657 ]
UnrankedCumans vs None
Rival team · LOSS
[ REPLAY ANALYSIS · EXTRACTED FROM THE RECORDED GAME ]
Feudal
9:45
Castle
27:17
Imperial
53:41
| APM avg | 23.3 |
| APM peak | 57 |
| eAPM avg | 16.3 |
| Villagers / military | 184 / 497 |
Focus
⚔️ 33.4% · 🌾 66.6%
Scout Cavalry ×210 · Knight ×161 · Skirmisher ×85 · Battering Ram ×23 · Archer ×8 · Kipchak ×6
Feudal
10:03
Castle
21:29
Imperial
30:04
| APM avg | 47.8 |
| APM peak | 101 |
| eAPM avg | 23.2 |
| Villagers / military | 277 / 468 |
Focus
⚔️ 29.3% · 🌾 70.7%
Spearman ×317 · Archer ×57 · Skirmisher ×47 · Knight ×12 · Organ Gun ×11 · Trebuchet (Packed) ×11
Match map
Initial resources + every placement click. Lines = walls · curves = elevation contours. ◆ gold · ⬟ stone · ● berries · ✦ relic · ◌ wall gap
Your base· Open — unwalled flank
Ned Stark's Bastard's base· Open — unwalled flank
Smoothed initial terrain · ◌ = detected wall gap · hover for details
Inputs per minute
— SvenVonE ツ - - Ned Stark's Bastard
Build order — SvenVonE ツ
First 150 of 664 actions detected
| 0:02 | Create | Villager (Male) |
| 0:02 | Create | Villager (Male) |
| 0:03 | Create | Villager (Male) |
| 0:03 | Create | Villager (Male) |
| 0:04 | Build | House |
| 0:06 | Build | House |
| 1:33 | Create | Villager (Male) |
| 1:56 | Create | Villager (Male) |
| 2:22 | Create | Villager (Male) |
| 2:38 | Build | Lumber Camp |
| 2:56 | Create | Villager (Male) |
| 3:14 | Create | Villager (Male) |
| 3:40 | Create | Villager (Male) |
| 3:57 | Build | House |
| 4:04 | Create | Villager (Male) |
| 4:28 | Create | Villager (Male) |
| 4:55 | Create | Villager (Male) |
| 5:33 | Build | Mill |
| 5:42 | Create | Villager (Male) |
| 6:20 | Create | Villager (Male) |
| 6:22 | Create | Villager (Male) |
| 6:24 | Research | Loom |
| 6:34 | Build | Palisade Wall |
| 6:38 | Build | Palisade Wall |
| 6:40 | Build | Palisade Wall |
| 6:42 | Build | Palisade Wall |
| 6:43 | Build | Palisade Wall |
| 7:26 | Research | Feudal Age |
| 8:28 | Build | Palisade Wall |
| 8:37 | Build | Palisade Wall |
| 9:27 | Create | Villager (Male) |
| 9:28 | Create | Villager (Male) |
| 9:45 | Age | Feudal Age |
| 9:50 | Build | Town Center |
| 10:04 | Build | House |
| 10:06 | Create | Archer |
| 10:22 | Build | House |
| 10:47 | Build | Palisade Wall |
| 10:52 | Build | Palisade Wall |
| 10:57 | Create | Villager (Male) |
| 11:23 | Create | Villager (Male) |
| 11:43 | Create | Villager (Male) |
| 11:59 | Create | Villager (Male) |
| 11:59 | Create | Villager (Male) |
| 12:15 | Create | Villager (Male) |
| 12:17 | Research | Double-Bit Axe |
| 12:27 | Build | Farm |
| 12:33 | Create | Villager (Male) |
| 12:44 | Create | Villager (Male) |
| 12:47 | Research | Horse Collar |
| 12:53 | Create | Villager (Male) |
| 12:58 | Build | Farm |
| 13:03 | Create | Villager (Male) |
| 13:06 | Build | Farm |
| 13:33 | Build | Palisade Wall |
| 13:35 | Build | Palisade Wall |
| 13:45 | Build | Farm |
| 13:50 | Create | Archer |
| 13:52 | Create | Villager (Male) |
| 13:57 | Build | House |
| 14:16 | Create | Archer |
| 14:34 | Create | Skirmisher |
| 14:36 | Create | Villager (Male) |
| 14:37 | Create | Villager (Male) |
| 14:40 | Build | House |
| 14:47 | Create | Villager (Male) |
| 14:58 | Build | Mining Camp |
| 15:05 | Build | House |
| 15:08 | Build | House |
| 15:09 | Build | House |
| 15:20 | Build | Blacksmith |
| 15:21 | Create | Villager (Male) |
| 15:21 | Create | Villager (Male) |
| 15:22 | Create | Villager (Male) |
| 15:25 | Build | Farm |
| 15:25 | Build | Farm |
| 15:25 | Build | Farm |
| 15:30 | Build | Farm |
| 15:31 | Build | Farm |
| 15:39 | Create | Skirmisher |
| 15:39 | Create | Skirmisher |
| 15:43 | Create | Villager (Male) |
| 16:02 | Build | Farm |
| 16:03 | Create | Villager (Male) |
| 16:08 | Build | Farm |
| 16:34 | Build | Palisade Wall |
| 16:47 | Create | Villager (Male) |
| 16:47 | Create | Villager (Male) |
| 16:50 | Create | Skirmisher |
| 16:55 | Build | House |
| 17:02 | Build | Lumber Camp |
| 17:15 | Build | Watch Tower |
| 17:18 | Create | Villager (Male) |
| 17:18 | Create | Villager (Male) |
| 17:19 | Create | Villager (Male) |
| 17:22 | Build | Farm |
| 17:22 | Build | Farm |
| 17:23 | Build | Farm |
| 17:24 | Build | Farm |
| 17:31 | Build | House |
| 17:33 | Build | House |
| 17:33 | Build | House |
| 17:35 | Create | Villager (Male) |
| 17:36 | Create | Villager (Male) |
| 17:42 | Create | Villager (Male) |
| 17:58 | Create | Skirmisher |
| 17:58 | Create | Skirmisher |
| 17:59 | Create | Villager (Male) |
| 18:27 | Build | House |
| 18:32 | Create | Skirmisher |
| 18:34 | Research | Fletching |
| 18:41 | Build | Mining Camp |
| 18:51 | Build | Watch Tower |
| 18:55 | Build | Farm |
| 18:56 | Create | Villager (Male) |
| 18:57 | Create | Villager (Male) |
| 19:14 | Create | Villager (Male) |
| 19:19 | Build | Farm |
| 19:22 | Build | Farm |
| 19:28 | Build | House |
| 19:29 | Build | House |
| 19:30 | Build | House |
| 19:47 | Create | Villager (Male) |
| 19:47 | Create | Villager (Male) |
| 19:55 | Build | Farm |
| 19:56 | Build | Farm |
| 20:01 | Build | House |
| 20:07 | Create | Villager (Male) |
| 20:12 | Build | Farm |
| 20:19 | Create | Villager (Male) |
| 20:20 | Create | Villager (Male) |
| 20:40 | Build | Watch Tower |
| 20:46 | Build | House |
| 20:47 | Build | House |
| 20:47 | Build | House |
| 20:55 | Create | Villager (Male) |
| 20:55 | Create | Villager (Male) |
| 21:03 | Build | House |
| 21:15 | Build | Barracks |
| 21:30 | Create | Villager (Male) |
| 21:31 | Create | Villager (Male) |
| 21:43 | Create | Villager (Male) |
| 21:43 | Create | Villager (Male) |
| 21:47 | Build | Farm |
| 21:48 | Build | Farm |
| 21:48 | Build | Farm |
| 21:49 | Build | Farm |
| 21:49 | Build | Farm |
| 21:54 | Build | Farm |
| 21:57 | Build | Farm |
Build order — Ned Stark's Bastard
First 150 of 787 actions detected
| 0:00 | Create | Villager (Male) |
| 0:00 | Create | Villager (Male) |
| 0:02 | Build | House |
| 0:03 | Build | House |
| 0:30 | Create | Villager (Male) |
| 0:30 | Create | Villager (Male) |
| 1:23 | Create | Villager (Male) |
| 1:49 | Build | Lumber Camp |
| 2:03 | Create | Villager (Male) |
| 2:15 | Create | Villager (Male) |
| 2:52 | Create | Villager (Male) |
| 3:21 | Create | Villager (Male) |
| 3:37 | Create | Villager (Male) |
| 3:57 | Build | House |
| 3:59 | Build | House |
| 4:13 | Create | Villager (Male) |
| 4:23 | Build | Mill |
| 4:27 | Create | Villager (Male) |
| 4:59 | Create | Villager (Male) |
| 5:27 | Create | Villager (Male) |
| 5:34 | Create | Villager (Male) |
| 6:12 | Create | Villager (Male) |
| 6:40 | Create | Villager (Male) |
| 7:00 | Create | Villager (Male) |
| 7:14 | Research | Loom |
| 7:22 | Build | Mining Camp |
| 7:45 | Research | Feudal Age |
| 8:02 | Create | Villager (Male) |
| 8:13 | Build | House |
| 8:15 | Build | House |
| 8:17 | Build | Palisade Gate |
| 9:53 | Build | House |
| 10:03 | Age | Feudal Age |
| 10:08 | Build | Blacksmith |
| 10:11 | Create | Archer |
| 10:15 | Build | Market |
| 10:16 | Create | Villager (Male) |
| 10:26 | Research | Double-Bit Axe |
| 10:36 | Create | Villager (Male) |
| 10:43 | Build | House |
| 10:44 | Build | House |
| 10:50 | Build | Palisade Wall |
| 10:53 | Create | Archer |
| 11:00 | Research | Horse Collar |
| 11:04 | Create | Villager (Male) |
| 11:46 | Create | Villager (Male) |
| 11:46 | Create | Villager (Male) |
| 11:53 | Create | Archer |
| 12:03 | Build | Farm |
| 12:04 | Build | Farm |
| 12:05 | Build | Farm |
| 12:07 | Build | Farm |
| 12:09 | Build | Farm |
| 12:17 | Create | Archer |
| 12:19 | Research | Fletching |
| 12:31 | Create | Villager (Male) |
| 12:54 | Build | Barracks |
| 12:59 | Create | Villager (Male) |
| 13:01 | Build | Farm |
| 13:04 | Build | Farm |
| 13:47 | Create | Archer |
| 13:47 | Create | Archer |
| 13:51 | Create | Villager (Male) |
| 13:52 | Create | Villager (Male) |
| 13:55 | Build | Farm |
| 13:56 | Build | Farm |
| 14:26 | Create | Villager (Male) |
| 14:42 | Create | Archer |
| 14:48 | Create | Spearman |
| 14:57 | Build | Farm |
| 15:07 | Create | Skirmisher |
| 15:07 | Create | Archer |
| 15:08 | Create | Villager (Male) |
| 15:15 | Build | Farm |
| 15:17 | Build | Farm |
| 15:19 | Build | Farm |
| 15:20 | Create | Villager (Male) |
| 15:25 | Create | Villager (Male) |
| 15:31 | Build | House |
| 15:32 | Build | House |
| 15:35 | Build | House |
| 15:36 | Build | House |
| 15:40 | Create | Villager (Male) |
| 15:59 | Build | House |
| 16:06 | Build | House |
| 16:07 | Create | Villager (Male) |
| 16:12 | Build | Farm |
| 16:15 | Build | Farm |
| 16:43 | Create | Archer |
| 16:43 | Create | Skirmisher |
| 16:55 | Create | Spearman |
| 17:02 | Research | Padded Archer Armor |
| 17:04 | Build | Farm |
| 17:06 | Build | Farm |
| 17:24 | Create | Villager (Male) |
| 17:26 | Build | Farm |
| 17:38 | Build | Mining Camp |
| 17:39 | Create | Archer |
| 17:40 | Create | Archer |
| 18:06 | Create | Villager (Male) |
| 18:07 | Create | Villager (Male) |
| 18:49 | Research | Castle Age |
| 19:12 | Build | House |
| 19:15 | Create | Villager (Male) |
| 19:38 | Build | House |
| 19:43 | Research | Stone Mining |
| 20:11 | Create | Archer |
| 20:11 | Create | Archer |
| 20:14 | Build | House |
| 20:21 | Create | Villager (Male) |
| 20:40 | Create | Archer |
| 20:45 | Build | Stable |
| 20:51 | Research | Gold Mining |
| 20:58 | Create | Archer |
| 21:03 | Create | Villager (Male) |
| 21:29 | Age | Castle Age |
| 21:36 | Research | Crossbowman (upgrade) |
| 21:38 | Research | Bodkin Arrow |
| 21:44 | Create | Villager (Male) |
| 21:44 | Create | Villager (Male) |
| 22:04 | Research | Thumb Ring |
| 22:17 | Create | Villager (Male) |
| 22:59 | Create | Villager (Male) |
| 23:06 | Build | Castle |
| 23:25 | Build | Farm |
| 24:12 | Build | Mining Camp |
| 24:34 | Build | Monastery |
| 24:47 | Create | Scout Cavalry |
| 24:51 | Create | Villager (Male) |
| 24:56 | Create | Archer |
| 25:25 | Create | Organ Gun |
| 25:28 | Create | Villager (Male) |
| 25:34 | Create | Monk |
| 26:26 | Create | Villager (Male) |
| 26:54 | Research | Imperial Age |
| 27:36 | Create | Scout Cavalry |
| 28:02 | Build | Castle |
| 28:09 | Build | Castle |
| 28:31 | Create | Archer |
| 28:31 | Create | Archer |
| 28:31 | Create | Archer |
| 28:33 | Create | Organ Gun |
| 28:33 | Create | Organ Gun |
| 28:40 | Create | Monk |
| 29:18 | Create | Villager (Male) |
| 29:18 | Create | Villager (Male) |
| 29:23 | Create | Organ Gun |
| 29:37 | Build | Lumber Camp |
| 29:48 | Research | Bow Saw |
| 30:04 | Age | Imperial Age |
Match timeline
| 6:34 | SvenVonE ツ · wall_segment Palisade Wall x3 |
| 6:38 | SvenVonE ツ · wall_segment Palisade Wall x6 |
| 6:40 | SvenVonE ツ · wall_segment Palisade Wall x1 |
| 6:42 | SvenVonE ツ · wall_segment Palisade Wall x1 |
| 6:43 | SvenVonE ツ · wall_segment Palisade Wall x1 |
| 8:28 | SvenVonE ツ · wall_segment Palisade Wall x6 |
| 8:37 | SvenVonE ツ · wall_segment Palisade Wall x5 |
| 9:45 | SvenVonE ツ · age_up feudal |
| 10:03 | Ned Stark's Bastard · age_up feudal |
| 10:47 | SvenVonE ツ · wall_segment Palisade Wall x1 |
| 10:50 | Ned Stark's Bastard · wall_segment Palisade Wall x3 |
| 10:52 | SvenVonE ツ · wall_segment Palisade Wall x3 |
| 12:54 | Ned Stark's Bastard · first_building Barracks |
| 13:33 | SvenVonE ツ · wall_segment Palisade Wall x1 |
| 13:35 | SvenVonE ツ · wall_segment Palisade Wall x1 |
| 16:34 | SvenVonE ツ · wall_segment Palisade Wall x1 |
| 20:45 | Ned Stark's Bastard · first_building Stable |
| 21:15 | SvenVonE ツ · first_building Barracks |
| 21:29 | Ned Stark's Bastard · age_up castle |
| 23:06 | Ned Stark's Bastard · first_building Castle |
| 23:31 | SvenVonE ツ · first_building Stable |
| 24:34 | SvenVonE ツ · first_market_buy 100 food |
| 24:34 | Ned Stark's Bastard · first_building Monastery |
| 25:32 | SvenVonE ツ · first_building Siege Workshop |
| 26:44 | Ned Stark's Bastard · first_market_sell 100 food |
| 27:17 | SvenVonE ツ · age_up castle |
| 28:45 | SvenVonE ツ · first_market_sell 100 food |
| 29:41 | Ned Stark's Bastard · first_market_buy 100 wood |
| 30:04 | Ned Stark's Bastard · age_up imperial |
| 32:17 | Ned Stark's Bastard · first_building Siege Workshop |
| 33:38 | Ned Stark's Bastard · first_building Archery Range |
| 44:15 | SvenVonE ツ · first_building Monastery |
| 53:41 | SvenVonE ツ · age_up imperial |
| 56:00 | SvenVonE ツ · wall_segment Palisade Wall x1 |
| 56:02 | SvenVonE ツ · wall_segment Palisade Wall x1 |
| 56:04 | SvenVonE ツ · wall_segment Palisade Wall x1 |
| 60:41 | SvenVonE ツ · first_building Castle |
| 70:18 | SvenVonE ツ · first_building Archery Range |
| 86:55 | Ned Stark's Bastard · resign |
[ AI ANALYSIS · 1 CREDIT ]
What really happened in this match?
Wolo.gg analyzes every decision: build order, eco, micro, common mistakes by bracket. Personalized analysis on WhatsApp or Discord in 30 seconds.
Civ guide
Cumans
Perfil
Jugador #952946